 Dungeon Sprint DCSS version 0.17.1-1-g73c8601 (webtiles) character file.

56135 hexophile the Tortoise (level 15, -62/136 HPs)
             Began as a Formicid Fighter on Dec 23, 2015.
             Was the Champion of Makhleb.
             Killed from afar by a pearl dragon (75 damage)
             ... with a blast of cleansing flame
             ... in the Dungeon (Sprint V: "Ziggurat Sprint").
             The game lasted 00:11:23 (1911 turns).

hexophile the Tortoise (Formicid Fighter)           Turns: 1911, Time: 00:11:23

Health: -62/136    AC: 32    Str: 32    XL:     15   Next: 20%
Magic:  0/37       EV:  7    Int: 25    God:    Makhleb [******]
Gold:   0          SH: 33    Dex: 19    Spells: 3 memorised, 23 levels left

rFire  + + .     SeeInvis +     C - +14 obsidian axe {chop, +Fly Str+3 SInv *Curse}
rCold  + + .     Clarity  .     E - +5 gold dragon armour {rC+ rF+ rPois}
rNeg   + + .     SustAt   +     B - +18 shield of the gong {rElec rN+ MR+ EV-5}
rPois  +         Gourm    .     (helmet unavailable)
rElec  +         Spirit   +     (no cloak)
rCorr  +         Warding  .     I - +1 pair of gloves {Str+3} {Str+3}
rMut   .         Stasis   +     L - +0 pair of boots of the Special Blessings {Regen+ Int+3 Dex+4} (curse)
MR     +++..                    a - amulet of Ashenzari's Anger {Spirit MP+9}
Stlth  ..........               O - ring "Ponomoo" {rElec rPois rN+ Int+6}
                                k - ring of Interdependent Arising {SustAt rPois MR+ Int+2 Stlth+}

@: mighty, agile, resistant, mesmerised, glowing, extremely resistant to hostile
enchantments, extremely unstealthy
A: permanent stasis, dig shafts and tunnels, four strong arms, antennae 3
a: Dig, Minor Destruction, Lesser Servant of Makhleb, Major Destruction, Greater
Servant of Makhleb, Renounce Religion, Evoke Flight


You were in the Dungeon.
You worshipped Makhleb.
Makhleb was exalted by your worship.
You were completely stuffed.

You visited 1 branch


Innate Abilities, Weirdness & Mutations

You are under a permanent stasis effect.
You can dig through walls and to a lower floor.
Your four strong arms can wield two-handed weapons with a shield.
You have a pair of large antennae on your head (SInv).

Inventory:

Hand Weapons
 C - the +14 obsidian axe (weapon) {chop, +Fly Str+3 SInv *Curse}
   (You found it in the Dungeon)

   It inflicts extra damage upon your enemies.
   It affects your strength (+3).
   It lets you see invisible.
   It lets you fly.
   It may re-curse itself when equipped.
 K - the +11 long sword of Bigunoev {pain, Int+3 Stlth+}
   (You took it off a necromancer in the Dungeon)

   In the hands of one skilled in necromantic magic, it inflicts extra damage on
   living creatures.
   It affects your intelligence (+3).
   It makes you more stealthy.
Armour
 B - the +18 shield of the gong (worn) {rElec rN+ MR+ EV-5}
   (You found it in the Dungeon)

   It affects your evasion (-5).
   It insulates you from electricity.
   It protects you from negative energy.
   It affects your resistance to hostile enchantments.
 E - a +5 gold dragon armour (worn) {rC+ rF+ rPois}
 I - a +1 pair of gloves of strength (worn) {Str+3}
 L - the cursed +0 pair of boots of the Special Blessings (worn) {Regen+ Int+3 Dex+4}
   (You found it in the Dungeon)

   It affects your intelligence (+3).
   It affects your dexterity (+4).
   It increases your rate of regeneration.
   It has a curse placed upon it.
Jewellery
 a - the amulet of Ashenzari's Anger (around neck) {Spirit MP+9}
   (You found it in the Dungeon)

   [amulet of guardian spirit]

   It causes incoming damage to be split between your health and magic.
   It affects your magic capacity (+9).
 k - the ring of Interdependent Arising (left hand) {SustAt rPois MR+ Int+2 Stlth+}
   (You found it in the Dungeon)

   [ring of sustain attributes]

   It sustains your strength, intelligence and dexterity.
   It affects your intelligence (+2).
   It protects you from poison.
   It affects your resistance to hostile enchantments.
   It makes you more stealthy.
 D - the ring of the Magpie {rC+ rN+}
   (You found it in the Dungeon)

   [ring of positive energy]

   It protects you from cold.
   It protects you from negative energy.
 M - an uncursed amulet of resist mutation {rMut}
 O - the ring "Ponomoo" (right hand) {rElec rPois rN+ Int+6}
   (You found it in the Dungeon)

   [ring of positive energy]

   It affects your intelligence (+6).
   It insulates you from electricity.
   It protects you from poison.
   It protects you from negative energy.
Wands
 c - a wand of disintegration (7)
 y - a wand of fire (5)
 z - a wand of cold (5)
 A - a wand of draining (5)
Scrolls
 n - 2 scrolls of fear
 p - 3 scrolls of recharging
 q - 6 scrolls of fog
 s - 2 scrolls of holy word
 t - 5 scrolls of identify
 u - 4 scrolls of remove curse
 F - 2 scrolls of brand weapon
Potions
 d - 5 potions of might {Str+5 DMG+1d10}
 e - 2 potions of brilliance {Archmagi Int+5 Wiz++}
 g - 12 potions of heal wounds
 i - 7 potions of magic
 j - 10 potions of curing
 l - 2 potions of invisibility
 m - 3 potions of resistance {rF+ rC+ rPois rElec rCorr}
 o - 5 potions of agility {Stlth+ Dex+5 EV+5}
Miscellaneous
 b - a stone of tremors
 f - a fan of gales
 h - a plain deck of war
 v - a disc of storms
 G - a lamp of fire
 H - a box of beasts {used: 4}
 J - a sack of spiders
 N - a box of beasts
 P - a phial of floods
Comestibles
 r - 5 bread rations
 w - 38 fruits
 x - 2 meat rations


You had 23 spell levels left.
You knew the following spells:

 Your Spells              Type           Power        Failure   Level  Hunger
a - Mephitic Cloud        Conj/Pois/Air  #####...     12%         3    None
b - Animate Dead          Necr           N/A          1%          4    #......
c - Repel Missiles        Chrm/Air       ##....       82%         2    None


   Skills:
 * Level 18.0 Fighting
 - Level 18.7 Axes
 - Level 19.1 Armour
 - Level 13.2 Shields
 * Level 9.4 Spellcasting
 * Level 8.6 Conjurations
 - Level 14.6 Necromancy
 * Level 12.0 Poison Magic
 - Level 9.5 Invocations
 - Level 16.6 Evocations

Dungeon Overview and Level Annotations

Branches:
Dungeon (1/1)

Altars:
Ashenzari
Cheibriados
Dithmenos
Elyvilon
Fedhas
Gozag
Kikubaaqudgha
Makhleb
Nemelex Xobeh
Okawaru
Qazlal
Ru
Sif Muna
Trog
Vehumet
Xom
Yredelemnul
Zin
The Shining One
Beogh
Jiyva
Lugonu

Vault maps used:
D:        sprint_v
You       could see 3 apis, 3 daevas, 2 pearl dragons, 3 angels, an ophan
          (roused), a cherub and a friendly orange demon.


Message History

Your ice devil is engulfed in blessed fire.
Your ice devil hits the angel but does no damage.
You block the pearl dragon's attack.
PANG!
You block the pearl dragon's attack.
PTOANNNG!
The angel hits your ice devil with a whip of holy wrath!!
Your ice devil convulses!
The angel barely misses your ice devil. The apis gores you but does no damage.
You block the angel's attack.
PTOANNNG!
You block the angel's attack.
GONNNNG!
The cherub hits your ice devil but does no damage.
The cherub pecks your ice devil but does no damage.
A daeva and an apis come into view.
You lost 11 HP.
You have now: 52/136 HP.
Unknown command.
Unknown command.
Unknown command.
You closely miss the pearl dragon.
The pearl dragon is lightly wounded.
You hit the angel but do no damage.
The angel is lightly wounded.
Your gold dragon armour prevents you from hitting the apis.
The apis is lightly wounded.
You slice the pearl dragon!!
The pearl dragon is severely wounded.
Visions of slaying the angel flood into your mind.
You are engulfed in blessed fire.
* * * LOW MAGIC WARNING * * *
* * * LOW HITPOINT WARNING * * *
The daeva calls down the wrath of the Shining One upon you.
Something smites you!
* * * LOW MAGIC WARNING * * *
* * * LOW HITPOINT WARNING * * *
The angel hits your ice devil with a whip of holy wrath.
Your ice devil dies!
You block the angel's attack.
BOUMMMMG!
You block the angel's attack.
BOUMMMMG!
The daeva calls down the wrath of the Shining One upon you.
Something smites you!
* * * LOW MAGIC WARNING * * *
* * * LOW HITPOINT WARNING * * *
The pearl dragon breathes holy energy at you.
The blast of cleansing flame engulfs you!
* * * LOW MAGIC WARNING * * *
Ouch! That really hurt!
You die...

Action                   |  1- 3 |  4- 6 |  7- 9 | 10-12 | 13-15 || total
-------------------------+-------+-------+-------+-------+-------++-------
Melee: Broad axe         |     1 |     7 |    26 |   103 |   133 ||   270
Invok: Greater Servant o |       |       |       |       |     1 ||     1
Evoke: Box of beasts     |       |       |       |       |     4 ||     4
       Lamp of fire      |       |       |       |       |     1 ||     1
  Use: Potion            |     1 |       |       |       |     3 ||     4
       Scroll            |       |       |       |     1 |     1 ||     2
 Stab: Distracted        |       |       |       |     1 |     3 ||     4
  Eat: Fruit             |       |       |       |       |     4 ||     4
       Meat ration       |       |       |       |       |     2 ||     2

Notes
Turn   | Place    | Note
--------------------------------------------------------------
     0 | D        | hexophile the Formicid Fighter began the quest for the Orb.
     0 | D        | Reached XP level 1. HP: 18/18 MP: 1/1
     0 | D        | Found a roughly hewn altar of Beogh.
     0 | D        | Found a corrupted altar of Lugonu.
     0 | D        | Found a viscous altar of Jiyva.
     0 | D        | Found a white marble altar of Elyvilon.
     0 | D        | Found a sparkling altar of Nemelex Xobeh.
     0 | D        | Found a burning altar of Makhleb.
     0 | D        | Found an iron altar of Okawaru.
     0 | D        | Found a deep blue altar of Sif Muna.
     0 | D        | Found a radiant altar of Vehumet.
     0 | D        | Found a bloodstained altar of Trog.
     0 | D        | Found a shimmering altar of Xom.
     3 | D        | Killed Crazy Yiuf
     4 | D        | Killed Dowan
     6 | D        | Reached skill level 7 in Axes
     6 | D        | Reached XP level 2. HP: 24/24 MP: 2/2
    70 | D        | Became a worshipper of Makhleb the Destroyer
    78 | D        | Entered arena 1.
    78 | D        | Noticed a porcupine
    79 | D        | Killed a porcupine
    79 | D        | Reached skill level 10 in Axes
    79 | D        | Reached XP level 3. HP: 18/29 MP: 3/3
    79 | D        | Reached XP level 4. HP: 21/35 MP: 4/4
    79 | D        | Reached XP level 5. HP: 24/41 MP: 5/5
    80 | D        | Reached * piety under Makhleb
    85 | D        | Got the +3 arbalest of Ymel {freeze, rPois rF+ Dex+2}
    88 | D        | Entered arena 2.
    88 | D        | Noticed a slime creature
    94 | D        | Killed a slime creature
    94 | D        | Reached ** piety under Makhleb
    94 | D        | Reached skill level 13 in Axes
    94 | D        | Reached XP level 6. HP: 21/47 MP: 6/6
   173 | D        | Got the +7 hand axe "Laryt" {distort, rN+++}
   266 | D        | Entered arena 3.
   266 | D        | Noticed a jelly
   266 | D        | Noticed a jelly
   266 | D        | Noticed a jelly
   269 | D        | Killed a jelly
   269 | D        | Killed a jelly
   270 | D        | Killed a jelly
   270 | D        | Reached *** piety under Makhleb
   270 | D        | Reached skill level 14 in Axes
   270 | D        | Reached XP level 7. HP: 49/52 MP: 7/7
   274 | D        | Got the amulet of Ashenzari's Anger {Spirit MP+9}
   383 | D        | Entered arena 4.
   383 | D        | Noticed a scorpion
   383 | D        | Noticed a scorpion
   383 | D        | Noticed a scorpion
   383 | D        | Noticed a jumping spider
   388 | D        | Killed a scorpion
   388 | D        | Reached skill level 4 in Fighting
   388 | D        | Killed a scorpion
   388 | D        | Reached **** piety under Makhleb
   388 | D        | Reached skill level 5 in Fighting
   390 | D        | Killed a scorpion
   396 | D        | Killed a jumping spider
   396 | D        | Reached skill level 7 in Fighting
   399 | D        | Identified Lee's Collected Works on Battle Magic
   401 | D        | Entered arena 5.
   401 | D        | Noticed a deep elf summoner
   401 | D        | Noticed a deep elf knight
   401 | D        | Noticed a deep elf fighter
   401 | D        | Noticed a deep elf mage
   401 | D        | Noticed a deep elf knight
   406 | D        | Noticed a jumping spider
   407 | D        | Killed a deep elf knight
   407 | D        | Reached ***** piety under Makhleb
   407 | D        | Reached skill level 10 in Fighting
   407 | D        | Reached skill level 15 in Axes
   407 | D        | Reached XP level 8. HP: 49/73 MP: 8/8
   408 | D        | Killed a deep elf mage
   408 | D        | Reached skill level 11 in Fighting
   411 | D        | Killed a deep elf knight
   411 | D        | Reached skill level 12 in Fighting
   411 | D        | Reached XP level 9. HP: 73/84 MP: 9/9
   415 | D        | Killed a deep elf fighter
   417 | D        | Killed a deep elf summoner
   417 | D        | Reached skill level 13 in Fighting
   417 | D        | Reached skill level 16 in Axes
   463 | D        | Entered arena 6.
   463 | D        | Noticed a porcupine
   463 | D        | Noticed an iguana
   463 | D        | Noticed a porcupine
   463 | D        | Noticed a giant frog
   467 | D        | Killed a giant frog
   467 | D        | Reached skill level 14 in Fighting
   467 | D        | Reached ****** piety under Makhleb
   467 | D        | Killed a porcupine
   470 | D        | Killed a porcupine
   471 | D        | Killed an iguana
   519 | D        | Entered arena 7.
   519 | D        | Noticed a jumping spider
   519 | D        | Noticed a tarantella
   519 | D        | Noticed a tarantella
   519 | D        | Noticed a jumping spider
   519 | D        | Noticed a jumping spider
   519 | D        | Noticed a scorpion
   522 | D        | Killed a jumping spider
   522 | D        | Reached XP level 10. HP: 95/95 MP: 10/10
   524 | D        | Killed a tarantella
   525 | D        | Killed a jumping spider
   525 | D        | Reached skill level 15 in Fighting
   525 | D        | Killed a jumping spider
   526 | D        | Killed a tarantella
   528 | D        | Killed a scorpion
   551 | D        | Entered arena 8.
   551 | D        | Noticed a red devil
   551 | D        | Noticed an iron imp
   551 | D        | Noticed a hellwing
   551 | D        | Noticed an orange demon
   551 | D        | Noticed a sixfirhy
   557 | D        | Killed a sixfirhy
   557 | D        | Reached skill level 4 in Armour
   557 | D        | Reached skill level 5 in Shields
   559 | D        | Noticed a rust devil
   561 | D        | Killed a hellwing
   561 | D        | Reached skill level 5 in Armour
   564 | D        | Killed an orange demon
   564 | D        | Reached skill level 17 in Axes
   564 | D        | Reached skill level 6 in Armour
   564 | D        | Reached skill level 6 in Shields
   565 | D        | Killed an iron imp
   571 | D        | Killed a red devil
   571 | D        | Reached skill level 7 in Shields
   577 | D        | Got the ring of Interdependent Arising {SustAt rPois MR+ Int+2 Stlth+}
   596 | D        | Entered arena 9.
   596 | D        | Noticed a porcupine
   596 | D        | Noticed a wolf
   596 | D        | Noticed a giant frog
   596 | D        | Noticed a black mamba
   596 | D        | Noticed an iguana
   596 | D        | Noticed a giant frog
   596 | D        | Noticed a basilisk
   599 | D        | Killed a wolf
   600 | D        | Killed a giant frog
   601 | D        | Killed a giant frog
   601 | D        | Reached skill level 7 in Armour
   602 | D        | Killed a black mamba
   602 | D        | Reached skill level 8 in Shields
   602 | D        | Killed a basilisk
   602 | D        | Reached XP level 11. HP: 104/104 MP: 11/11
   602 | D        | Killed a porcupine
   603 | D        | Killed an iguana
   611 | D        | Got the +1 robe of Trumpets {rN+ MR+ rCorr Stlth+}
   614 | D        | Got the ring of the Magpie {rC+ rN+}
   618 | D        | Got the +7 hand axe of Rownir {venom, +Blink rF+ Str+4 Dex-2}
   642 | D        | Got the +5 morningstar of the Lesser Evil {crush, rN+ MR+}
   645 | D        | Entered arena 10.
   645 | D        | Noticed a giant frog
   645 | D        | Noticed an iguana
   645 | D        | Noticed a wolf
   645 | D        | Noticed a yak
   645 | D        | Noticed a yak
   645 | D        | Noticed a yak
   645 | D        | Noticed a yak
   646 | D        | Killed a wolf
   646 | D        | Reached skill level 8 in Armour
   649 | D        | Killed a giant frog
   649 | D        | Reached skill level 9 in Shields
   650 | D        | Killed a yak
   651 | D        | Killed a yak
   652 | D        | Killed an iguana
   653 | D        | Killed a yak
   654 | D        | Killed a yak
   654 | D        | Reached skill level 9 in Armour
   672 | D        | Entered arena 11.
   672 | D        | Noticed a jumping spider
   672 | D        | Noticed a demonic crawler
   672 | D        | Noticed a wasp
   672 | D        | Noticed a hornet
   672 | D        | Noticed an orb spider
   673 | D        | Noticed a tarantella
   673 | D        | Noticed a trapdoor spider
   673 | D        | Noticed a tarantella
   673 | D        | Noticed an entropy weaver
   674 | D        | Noticed a wasp
   676 | D        | Killed a wasp
   679 | D        | Noticed an ice devil
   681 | D        | Killed a trapdoor spider
   681 | D        | Reached skill level 10 in Shields
   681 | D        | Reached skill level 1 in Invocations
   681 | D        | Reached skill level 1 in Evocations
   681 | D        | Killed a hornet
   681 | D        | Reached skill level 2 in Invocations
   681 | D        | Reached skill level 2 in Evocations
   681 | D        | Killed a tarantella
   683 | D        | Killed a demonic crawler
   683 | D        | Reached skill level 3 in Invocations
   683 | D        | Reached skill level 3 in Evocations
   685 | D        | Killed a tarantella
   685 | D        | Killed a jumping spider
   687 | D        | Killed a wasp
   688 | D        | Killed an orb spider
   688 | D        | Reached skill level 4 in Invocations
   690 | D        | Killed an entropy weaver
   690 | D        | Reached skill level 10 in Armour
   690 | D        | Reached skill level 4 in Evocations
   850 | D        | Entered arena 12.
   850 | D        | Noticed a steam dragon
   850 | D        | Noticed a fire drake
   850 | D        | Noticed a steam dragon
   850 | D        | Noticed a mottled dragon
   850 | D        | Noticed a wyvern
   851 | D        | Noticed a fire drake
   851 | D        | Noticed a death drake
   851 | D        | Noticed a wyvern
   851 | D        | Noticed a swamp dragon
   851 | D        | Noticed a four-headed hydra
   851 | D        | Noticed a swamp dragon
   857 | D        | Killed a wyvern
   857 | D        | Reached skill level 11 in Shields
   857 | D        | Reached skill level 5 in Invocations
   858 | D        | Killed a steam dragon
   859 | D        | Killed a mottled dragon
   860 | D        | Killed a steam dragon
   860 | D        | Reached skill level 5 in Evocations
   860 | D        | Killed a fire drake
   862 | D        | Killed a death drake
   863 | D        | Killed a wyvern
   863 | D        | Reached skill level 18 in Axes
   863 | D        | Reached skill level 6 in Invocations
   863 | D        | Killed a fire drake
   864 | D        | Killed a swamp dragon
   864 | D        | Reached skill level 6 in Evocations
   866 | D        | Killed a 12-headed hydra
   866 | D        | Reached skill level 11 in Armour
   866 | D        | Reached skill level 12 in Shields
   866 | D        | Reached skill level 7 in Invocations
   866 | D        | Reached XP level 12. HP: 111/111 MP: 10/17
   869 | D        | Killed a swamp dragon
   894 | D        | Entered arena 13.
   894 | D        | Noticed a vampire knight
   895 | D        | Noticed a shadow
   895 | D        | Noticed a wight
   895 | D        | Noticed a shadow
   895 | D        | Noticed a necromancer
   895 | D        | Noticed a necromancer
   895 | D        | Noticed a necromancer
   896 | D        | Noticed a vampire
   896 | D        | Noticed a vampire
   902 | D        | Killed a wight
   903 | D        | Killed a necromancer
   903 | D        | Reached skill level 7 in Evocations
   904 | D        | Killed a vampire knight
   904 | D        | Reached skill level 8 in Invocations
   904 | D        | Killed a shadow
   907 | D        | Killed a necromancer
   907 | D        | Killed a necromancer
   907 | D        | Reached skill level 8 in Evocations
   908 | D        | Killed a shadow
   909 | D        | Killed a vampire
   909 | D        | Reached skill level 9 in Invocations
   909 | D        | Killed a vampire
   911 | D        | Got the +11 long sword of Bigunoev {pain, Int+3 Stlth+}
   913 | D        | Got the cursed +1 mace of Dismay {crush, Int+2}
   920 | D        | Identified Qidaedd's Compendium of Mutagenic Enchantment
   927 | D        | Learned a level 3 spell: Mephitic Cloud
   944 | D        | Learned a level 4 spell: Animate Dead
   947 | D        | Entered arena 14.
   947 | D        | Noticed a vampire
   948 | D        | Noticed a hell hound
   949 | D        | Noticed a wight
   951 | D        | Noticed a wraith
   951 | D        | Noticed a wraith
   951 | D        | Noticed a hellion
   952 | D        | Noticed a vampire
   956 | D        | Killed a hell hound
   957 | D        | Killed a wight
   957 | D        | Reached skill level 13 in Shields
   960 | D        | Killed a wraith
   960 | D        | Reached skill level 12 in Armour
   963 | D        | Killed a wraith
   963 | D        | Killed a vampire
   965 | D        | Killed a hellion
   965 | D        | Killed a vampire
   967 | D        | Got the +4 glaive of the Tiger {chop, rN+ Stlth+}
   990 | D        | Learned a level 2 spell: Repel Missiles
  1145 | D        | Entered arena 15.
  1146 | D        | Noticed a deep elf fighter
  1146 | D        | Noticed a deep elf fighter
  1146 | D        | Noticed a deep elf conjurer
  1146 | D        | Noticed a deep elf high priest
  1146 | D        | Noticed a deep elf sorcerer
  1146 | D        | Noticed a deep elf annihilator
  1146 | D        | Noticed a deep elf fighter
  1147 | D        | Noticed a deep elf mage
  1147 | D        | Noticed a deep elf annihilator
  1147 | D        | Noticed a deep elf summoner
  1147 | D        | Noticed a deep elf high priest
  1147 | D        | Noticed a deep elf sorcerer
  1147 | D        | Noticed a deep elf fighter
  1147 | D        | Noticed a deep elf annihilator
  1149 | D        | Identified a +8 rod of the swarm (6/11)
  1152 | D        | Killed a deep elf annihilator
  1152 | D        | Reached skill level 3 in Necromancy
  1152 | D        | Reached skill level 9 in Evocations
  1154 | D        | Killed a deep elf conjurer
  1154 | D        | Reached skill level 13 in Armour
  1154 | D        | Reached skill level 4 in Necromancy
  1155 | D        | Killed a deep elf mage
  1157 | D        | Killed a deep elf sorcerer
  1157 | D        | Reached skill level 14 in Armour
  1157 | D        | Reached skill level 6 in Necromancy
  1157 | D        | Reached skill level 10 in Evocations
  1158 | D        | Killed a deep elf high priest
  1158 | D        | Reached skill level 7 in Necromancy
  1158 | D        | Reached XP level 13. HP: 117/117 MP: 20/20
  1158 | D        | Killed a deep elf fighter
  1159 | D        | Killed a deep elf annihilator
  1159 | D        | Reached skill level 8 in Necromancy
  1159 | D        | Reached skill level 11 in Evocations
  1160 | D        | Killed a deep elf sorcerer
  1160 | D        | Reached skill level 15 in Armour
  1160 | D        | Reached skill level 9 in Necromancy
  1162 | D        | Killed a deep elf high priest
  1162 | D        | Reached skill level 10 in Necromancy
  1162 | D        | Killed a deep elf fighter
  1164 | D        | Killed a deep elf fighter
  1171 | D        | Killed a deep elf fighter
  1174 | D        | Killed a deep elf annihilator
  1174 | D        | Reached skill level 16 in Armour
  1174 | D        | Reached skill level 12 in Evocations
  1181 | D        | Killed a deep elf summoner
  1181 | D        | Reached skill level 11 in Necromancy
  1193 | D        | Got the cursed -1 helmet of Fedhas's Vengeance {rN+ MR+ SInv}
  1234 | D        | Entered arena 16.
  1234 | D        | Noticed a wolf
  1235 | D        | Killed a wolf
  1239 | D        | Noticed a griffon
  1239 | D        | Noticed an iguana
  1239 | D        | Noticed a hippogriff
  1239 | D        | Noticed a black mamba
  1239 | D        | Noticed a spiny frog
  1240 | D        | Noticed a porcupine
  1240 | D        | Noticed a komodo dragon
  1240 | D        | Noticed a water moccasin
  1240 | D        | Noticed a crocodile
  1241 | D        | Noticed an iguana
  1241 | D        | Noticed a komodo dragon
  1241 | D        | Noticed a crocodile
  1241 | D        | Noticed a crocodile
  1241 | D        | Noticed a spiny frog
  1243 | D        | Killed a black mamba
  1244 | D        | Killed a spiny frog
  1244 | D        | Killed a water moccasin
  1246 | D        | Killed an iguana
  1246 | D        | Killed a porcupine
  1247 | D        | Killed a griffon
  1248 | D        | Killed a crocodile
  1249 | D        | Killed a crocodile
  1249 | D        | Killed a komodo dragon
  1249 | D        | Reached skill level 17 in Armour
  1249 | D        | Reached skill level 12 in Necromancy
  1250 | D        | Killed a crocodile
  1251 | D        | Killed a hippogriff
  1252 | D        | Killed a spiny frog
  1253 | D        | Killed a komodo dragon
  1254 | D        | Killed an iguana
  1270 | D        | Got the +3 hand axe of the Final Decision {chop, rElec rF+ Str-2 Int+9}
  1272 | D        | Entered arena 17.
  1280 | D        | Noticed a shadow dragon
  1280 | D        | Noticed a shadow dragon
  1280 | D        | Noticed a vault guard
  1280 | D        | Noticed a lich
  1280 | D        | Noticed a lich
  1280 | D        | Noticed a vault guard
  1281 | D        | Noticed a vault guard
  1281 | D        | Noticed a vault guard
  1281 | D        | Noticed a vault guard
  1281 | D        | Noticed a vault guard
  1281 | D        | Noticed a stone giant
  1282 | D        | Noticed a vault guard
  1282 | D        | Noticed a vault guard
  1283 | D        | Noticed a vault guard
  1283 | D        | Noticed a shadow dragon
  1283 | D        | Noticed a vault guard
  1285 | D        | Noticed a Shadow Fiend
  1285 | D        | Noticed a vault guard
  1287 | D        | Killed a vault guard
  1287 | D        | Reached skill level 13 in Evocations
  1287 | D        | Killed a vault guard
  1291 | D        | Noticed a stone giant
  1294 | D        | Killed a vault guard
  1296 | D        | Killed a shadow dragon
  1296 | D        | Reached skill level 13 in Necromancy
  1298 | D        | Killed a shadow dragon
  1298 | D        | Reached skill level 18 in Armour
  1298 | D        | Killed a shadow dragon
  1298 | D        | Killed a vault guard
  1298 | D        | Killed a vault guard
  1298 | D        | Reached skill level 14 in Evocations
  1299 | D        | Noticed a balrug
  1299 | D        | Killed a vault guard
  1300 | D        | Killed a vault guard
  1301 | D        | Killed a lich
  1301 | D        | Killed a stone giant
  1301 | D        | Reached skill level 14 in Necromancy
  1302 | D        | Killed a vault guard
  1302 | D        | Reached XP level 14. HP: 124/124 MP: 11/24
  1303 | D        | Killed a vault guard
  1303 | D        | Killed a vault guard
  1303 | D        | Killed a vault guard
  1305 | D        | Killed a lich
  1305 | D        | Reached skill level 19 in Armour
  1305 | D        | Reached skill level 15 in Evocations
  1315 | D        | Got the +1 leather armour of Surprise {Dex+4}
  1422 | D        | Entered arena 18.
  1430 | D        | Noticed a freezing wraith
  1430 | D        | Noticed an ice beast
  1430 | D        | Noticed an ice beast
  1430 | D        | Noticed a wight
  1430 | D        | Noticed a wight
  1431 | D        | Noticed an ice beast
  1431 | D        | Noticed a skeletal warrior
  1435 | D        | Noticed a flying skull
  1435 | D        | Killed a freezing wraith
  1435 | D        | Reached skill level 1 in Poison Magic
  1436 | D        | Killed an ice beast
  1437 | D        | Killed an ice beast
  1437 | D        | Reached skill level 1 in Spellcasting
  1439 | D        | Noticed an ice beast
  1440 | D        | Killed an ice beast
  1440 | D        | Reached skill level 1 in Conjurations
  1440 | D        | Killed a flying skull
  1441 | D        | Noticed an ice beast
  1443 | D        | Killed a wight
  1445 | D        | Killed a wight
  1447 | D        | Killed an ice beast
  1447 | D        | Reached skill level 2 in Poison Magic
  1450 | D        | Killed an ice beast
  1450 | D        | Reached skill level 2 in Spellcasting
  1452 | D        | Killed a skeletal warrior
  1480 | D        | Entered arena 19.
  1491 | D        | Noticed a cyan ugly thing
  1491 | D        | Noticed a neqoxec
  1491 | D        | Noticed an eye of draining
  1491 | D        | Noticed an octopode
  1491 | D        | Noticed a white ugly thing
  1491 | D        | Noticed an eye of devastation
  1492 | D        | Noticed a red very ugly thing
  1492 | D        | Noticed a slime creature
  1493 | D        | Noticed a two-headed ogre
  1493 | D        | Noticed a shining eye
  1494 | D        | Noticed a neqoxec
  1494 | D        | Noticed a green ugly thing
  1494 | D        | a slime creature changed into a snapping turtle
  1495 | D        | Noticed an anubis guard
  1496 | D        | Noticed a guardian serpent
  1496 | D        | Noticed a purple very ugly thing
  1496 | D        | an eye of draining changed into a shapeshifter
  1496 | D        | Killed an octopode
  1496 | D        | Reached skill level 3 in Poison Magic
  1497 | D        | Noticed a red very ugly thing
  1497 | D        | Noticed a cyan ugly thing
  1498 | D        | Killed a neqoxec
  1498 | D        | Reached skill level 2 in Conjurations
  1500 | D        | Killed a white ugly thing
  1500 | D        | Killed a two-headed ogre
  1500 | D        | Reached skill level 3 in Spellcasting
  1502 | D        | Noticed a neqoxec
  1502 | D        | Killed a cyan ugly thing
  1503 | D        | an eye of devastation changed into a mana viper
  1503 | D        | Killed a cyan very ugly thing
  1503 | D        | Reached skill level 16 in Fighting
  1503 | D        | Reached skill level 3 in Conjurations
  1503 | D        | Reached skill level 4 in Poison Magic
  1504 | D        | Killed a purple ugly thing
  1505 | D        | Killed an anubis guard
  1505 | D        | Reached skill level 4 in Spellcasting
  1505 | D        | Reached skill level 5 in Poison Magic
  1507 | D        | Killed a purple very ugly thing
  1508 | D        | Killed a guardian serpent
  1508 | D        | Reached skill level 4 in Conjurations
  1510 | D        | Killed a red ugly thing
  1510 | D        | Reached skill level 6 in Poison Magic
  1513 | D        | Killed a cyan very ugly thing
  1513 | D        | Reached skill level 5 in Spellcasting
  1513 | D        | Reached skill level 16 in Evocations
  1514 | D        | Killed a neqoxec
  1516 | D        | Killed a shining eye
  1516 | D        | Reached skill level 7 in Poison Magic
  1517 | D        | Killed a neqoxec
  1524 | D        | Got the cursed +0 pair of boots of the Special Blessings {Regen+ Int+3 Dex+4}
  1532 | D        | Got the ring "Ponomoo" {rElec rPois rN+ Int+6}
  1553 | D        | Entered arena 20.
  1703 | D        | Noticed a reaper
  1704 | D        | Noticed a freezing wraith
  1704 | D        | Noticed an ice devil
  1704 | D        | Noticed an ice beast
  1706 | D        | Noticed an Ice Fiend
  1707 | D        | Noticed a tormentor
  1708 | D        | Noticed a flying skull
  1709 | D        | Noticed a reaper
  1711 | D        | Noticed a hungry ghost
  1714 | D        | Killed a freezing wraith
  1714 | D        | Reached skill level 5 in Conjurations
  1715 | D        | Killed a tormentor
  1715 | D        | Killed an ice devil
  1715 | D        | Killed an ice beast
  1719 | D        | Killed a flying skull
  1722 | D        | Killed a reaper
  1722 | D        | Reached skill level 6 in Spellcasting
  1722 | D        | Reached skill level 8 in Poison Magic
  1723 | D        | Killed a hungry ghost
  1726 | D        | Killed an Ice Fiend
  1726 | D        | Reached skill level 6 in Conjurations
  1728 | D        | Killed a reaper
  1728 | D        | Reached skill level 17 in Fighting
  1728 | D        | Reached skill level 7 in Spellcasting
  1728 | D        | Reached skill level 9 in Poison Magic
  1856 | D        | Entered arena 21.
  1879 | D        | Noticed an apis
  1879 | D        | Noticed a pearl dragon
  1879 | D        | Noticed an apis
  1879 | D        | Noticed an angel
  1880 | D        | Noticed an apis
  1880 | D        | Noticed an ophan
  1880 | D        | Noticed an angel
  1881 | D        | Noticed an apis
  1881 | D        | Noticed an angel
  1889 | D        | Noticed a daeva
  1891 | D        | Noticed an angel
  1892 | D        | Noticed a pearl dragon
  1895 | D        | Noticed a pearl dragon
  1897 | D        | Killed an apis
  1898 | D        | Killed a pearl dragon
  1898 | D        | Reached skill level 8 in Spellcasting
  1898 | D        | Reached skill level 7 in Conjurations
  1898 | D        | Reached skill level 10 in Poison Magic
  1898 | D        | Reached XP level 15. HP: 120/134 MP: 24/27
  1900 | D        | Noticed a pearl dragon
  1900 | D        | Killed an apis
  1901 | D        | Noticed a cherub
  1903 | D        | Noticed a daeva
  1903 | D        | Killed an ophan
  1903 | D        | Reached skill level 11 in Poison Magic
  1904 | D        | Noticed an apis
  1904 | D        | Killed a daeva
  1904 | D        | Reached skill level 9 in Spellcasting
  1904 | D        | Reached skill level 8 in Conjurations
  1905 | D        | Noticed an ophan
  1906 | D        | Killed an angel
  1907 | D        | Noticed an angel
  1907 | D        | Noticed a daeva
  1909 | D        | Killed an ophan
  1909 | D        | Reached skill level 18 in Fighting
  1909 | D        | Reached skill level 12 in Poison Magic
  1911 | D        | Noticed a daeva
  1911 | D        | Noticed an apis
  1911 | D        | Killed from afar by a pearl dragon

Table legend:
 A = Turns spent in this place as a percentage of turns spent in the entire game.
 B = Non-inter-level travel turns spent in this place as a percentage of non-inter-level travel turns spent in the entire game.
 C = Inter-level travel turns spent in this place as a percentage of turns spent in this place.
 D = Turns resting spent in this place as a percentage of non-inter-level travel turns spent in this place.
 E = Turns spent auto-exploring this place as a percentage of non-inter-level travel turns spent in this place.
 F = Non-inter-level travel turns spent in this place divided by the number of levels of this place that you've seen.
                   A       B       C       D       E      F
               +-------+-------+-------+-------+-------+----------------------
         Total | 100.0 | 100.0 |   0.0 |   4.5 |   0.0 | 1146.0
       Dungeon | 100.0 | 100.0 |   0.0 |   4.5 |   0.0 | 1146.0
               +-------+-------+-------+-------+-------+----------------------

Table legend:
 A = Kills in this place as a percentage of kills in entire the game.
 B = Kills by you in this place as a percentage of kills by you in the entire game.
 C = Kills by friends in this place as a percentage of kills by friends in the entire game.
 D = Other kills in this place as a percentage of other kills in the entire game.
 E = Experience gained in this place as a percentage of experience gained in the entire game.
 F = Experience gained in this place divided by the number of levels of this place that you have seen.
                   A       B       C       D       E      F
               +-------+-------+-------+-------+-------+----------------------
         Total | 100.0 | 100.0 | 100.0 |  -nan | 100.0 | 80184.0
       Dungeon | 100.0 | 100.0 | 100.0 |  -nan | 100.0 | 80184.0
               +-------+-------+-------+-------+-------+----------------------

Vanquished Creatures
  A pearl dragon (D)
  2 liches (D)
  2 shadow dragons (D)
  A daeva (D)
  2 deep elf sorcerers (D)
  An angel (D)
  A vampire knight (D)
  2 very ugly things (D)
  A reaper (D)
  A stone giant (D)
  2 ophanim (D)
  2 apis (D)
  2 deep elf annihilators (D)
  7 vault guards (D)
  2 deep elf high priests (D)
  A hydra (D)
  A deep elf knight (D)
  An ice devil (D)
  A skeletal warrior (D)
  2 swamp dragons (D)
  An anubis guard (shapeshifter) (D)
  2 deep elf summoners (D)
  A deep elf conjurer (D)
  A hornet (D)
  A griffon (D)
  3 ugly things (D)
  3 necromancers (D)
  A sixfirhy (D)
  2 black mambas (D)
  An orange demon (D)
  An eye of devastation (shapeshifter) (D)
  2 spiny frogs (D)
  A hellion (D)
  A demonic crawler (D)
  2 komodo dragons (D)
  2 freezing wraiths (D)
  A hellwing (D)
  A tormentor (D)
  2 fire drakes (D)
  3 jumping spiders (D)
  A two-headed ogre (shapeshifter) (D)
  A slime creature (D)
  A trapdoor spider (D)
  2 shadows (D)
  2 wraiths (D)
  A flying skull (D)
  A basilisk (D)
  4 yaks (D)
  4 vampires (D)
  2 deep elf magi (D)
  4 tarantellas (D)
  2 wyverns (D)
  A hippogriff (D)
  A hippogriff (shapeshifter) (D)
  2 steam dragons (D)
  A mottled dragon (D)
  4 deep elf fighters (D)
  2 neqoxecs (D)
  A hungry ghost (D)
  3 wolves (D)
  A water moccasin (D)
  5 porcupines (D)
  2 wasps (D)
  A hell hound (D)
  6 ice beasts (D)
  3 crocodiles (D)
  4 giant frogs (D)
  4 scorpions (D)
  4 wights (D)
  3 jellies (D)
  3 iguanas (D)
  An iron imp (D)
  A sheep (D)
  2 mummies (D)
  2 river rats (D)
  A shadow imp (D)
  4 white imps (D)
  An ufetubus (D)
  3 oozes (D)
  2 adder zombies (D)
  2 adder skeletons (D)
  6 bat skeletons (D)
  5 bat zombies (D)
  A ball python zombie (D)
  A giant cockroach zombie (D)
  4 giant gecko skeletons (D)
  A giant gecko zombie (D)
  3 jackals (D)
  3 jackal skeletons (D)
  A quokka skeleton (D)
187 creatures vanquished.

Vanquished Creatures (collateral kills)
  An Ice Fiend (D)
  A shadow dragon (D)
  A reaper (D)
  A very ugly thing (D)
  A deep elf annihilator (D)
  An entropy weaver (D)
  4 vault guards (D)
  A deep elf knight (D)
  A death drake (D)
  A manticore (shapeshifter) (D)
  An orb spider (D)
  A faun (shapeshifter) (D)
  A shining eye (D)
  An octopode (shapeshifter) (D)
  An ugly thing (D)
  A guardian serpent (shapeshifter) (D)
  A red devil (D)
  2 jumping spiders (D)
  A snapping turtle (shapeshifter) (D)
  A flying skull (D)
  A tarantella (shapeshifter) (D)
  A neqoxec (D)
  A deep elf fighter (D)
  A golden eye (shapeshifter) (D)
  2 iguanas (D)
  A mummy (D)
  A white imp (D)
  A bat zombie (D)
33 creatures vanquished.

Vanquished Creatures (others)
  Dowan (D)
  Crazy Yiuf (D)
2 creatures vanquished.

Grand Total: 222 creatures vanquished
